 Dungeon Crawl Stone Soup version 0.28.0-53-g5a82cb258f (webtiles) character file.

Game seed: 10264903421415988078

1852 NoAnimeNoLife the Cleaver (level 8, 0/70 HPs)
             Began as a Minotaur Fighter on June 2, 2022.
             Was an Initiate of Gozag.
             Slain by a +3 dire flail of electrocution (20 damage)
             ... created by the rancor of the Wu Jian Council
             ... on level 6 of the Dungeon.
             The game lasted 00:13:02 (8266 turns).

NoAnimeNoLife the Cleaver (Minotaur Fighter)        Turns: 8266, Time: 00:13:03

Health: 0/70       AC: 11    Str: 21    XL:     8   Next: 88%
Magic:  7/7        EV:  9    Int:  5    God:    Gozag
Gold:   395        SH:  4    Dex: 12    Spells: 7/7 levels left

rFire   . . .      SeeInvis +   a - +0 war axe
rCold   + . .      Faith    .   c - +0 buckler
rNeg    . . .      Spirit   .   d - +3 scale mail {rPois}
rPois   +          Reflect  .   (helmet restricted)
rElec   .          Harm     .   (no cloak)
rCorr   .          Rampage  .   (no gloves)
Will    .....                   (no boots)
Stlth   ..........              (no amulet)
HPRegen 0.21/turn               l - ring of see invisible
MPRegen 0.10/turn               n - ring of protection from cold

@: unable to read, very slow
A: horns 2, retaliatory headbutt, iridescent scales 1, robust 1, inability to
read while threatened
a: Renounce Religion, Potion Petition, Call Merchant, Bribe Branch


You were on level 6 of the Dungeon.
You worshipped Gozag.
Gozag was aware of your devotion.
You visited 2 branches of the dungeon, and saw 7 of its levels.

You collected 483 gold pieces.
You spent 52 gold pieces at shops.
You paid 36 gold pieces to Gozag.

Inventory:

Hand Weapons
 a - a +0 war axe (weapon)
Armour
 b - a +0 scale mail
 c - a +0 buckler (worn)
 d - a +3 scale mail of poison resistance (worn)
Jewellery
 l - a ring of see invisible (left hand)
 n - a ring of protection from cold (right hand)
Scrolls
 e - a scroll of brand weapon
 f - a scroll of enchant armour
 g - a scroll of amnesia
 i - 2 scrolls of fog
 m - a scroll of identify
 p - 2 scrolls of blinking {unknown}
Potions
 h - 4 potions of curing
 k - a potion of flight
 o - a potion of haste
Miscellaneous
 j - a piece from Xom's chessboard (15/15)


   Skills:
 - Level 3.6 Fighting
 + Level 13.7 Axes
 - Level 3.6 Armour
 - Level 3.6 Shields


You had 7 spell levels left.
You didn't know any spells.
Your spell library contained the following spells:

 Spells                   Type           Power      Damage    Failure   Level
 Slow                     Hex            0%         N/A       88%         1
 Ensorcelled Hibernation  Hex/Ice        0%         N/A       96%         2
 Passwall                 Tmut/Erth      0%         N/A       96%         2
 Confusing Touch          Hex            0%         N/A       99%         3
 Swiftness                Air            0%         N/A       99%         3
 Vampiric Draining        Necr           0%         2d6       99%         3


Dungeon Overview and Level Annotations

Branches:
Dungeon (6/15)             Temple (1/1) D:5

Altars:
Ashenzari
Cheibriados
Dithmenos
Elyvilon
Gozag
Kikubaaqudgha
Makhleb
Okawaru
Qazlal
Ru
Sif Muna
Trog
Uskayaw
Vehumet
Wu Jian
Xom
Yredelemnul
Zin
The Shining One

Shops:
D:2 (   D:4 ?


Innate Abilities, Weirdness & Mutations

You have a pair of horns on your head.
You reflexively headbutt those who attack you in melee.
You are partially covered in iridescent scales. (AC +2)
You are robust. (+10% HP)
You sometimes lose the ability to read scrolls when taking damage.


Message History

The adder hisses angrily.
You slash the adder!
The adder is almost dead.
The adder barely misses you. You furiously retaliate!
You headbutt the adder!
You kill the adder!
You now have 380 gold pieces (gained 7).
You see here a +0 robe.
Found a stone staircase leading down.
You open the door.
There is an open door here.
There is an open door here.
Found 13 arrows.
You see here 13 arrows.
You now have 395 gold pieces (gained 15).
A +3 dire flail of electrocution is nearby!
You enter the shallow water.
Moving in this stuff is going to be slow.
Your unstable footing causes you to fumble your attack.
Your unstable footing causes you to fumble your attack.
The +3 dire flail of electrocution hits you.
You hit the +3 dire flail of electrocution.
The +3 dire flail of electrocution is moderately damaged.
The +3 dire flail of electrocution hits you.
You are electrocuted!
You closely miss the +3 dire flail of electrocution.
The +3 dire flail of electrocution is moderately damaged.
Your unstable footing causes you to fumble your attack.
The +3 dire flail of electrocution hits you!
You feel threatened and lose the ability to read scrolls!
Your unstable footing causes you to fumble your attack.
The +3 dire flail of electrocution hits you!
You barely miss the +3 dire flail of electrocution.
You headbutt the +3 dire flail of electrocution.
The +3 dire flail of electrocution is severely damaged.
Your unstable footing causes you to fumble your attack.
The +3 dire flail of electrocution hits you.
* * * LOW HITPOINT WARNING * * *
You are electrocuted!!
You die...
Your body crumbles into a pile of gold.

.# #..## .# ##.### .# #..# .#
##..... .# #..#####.# #..##.# .#
#......#.# ##.#... .#
############....# ##...##
.###.≈≈≈≈≈#≈≈≈#....##### ##.#.#.
...######≈#≈#≈#≈.......# #..#...
####≈≈≈≈#≈#≈#≈#≈(......# ##.#.#.
#..# #≈≈≈≈≈#≈≈≈@......# #...#.
#.#########≈#≈#≈.......# ##.#.#.
#.##≈≈≈≈≈≈≈≈#≈≈≈..+##### #..#...
#.###≈#######≈#....# ##.#.#.
#.### #≈≈≈...# #...## ...# ###
####≈≈....# ##.#...
...###.###.#.##....# #..##.#
...........#.###.#.# ##.....
...###.#####.###.#.##########.###


You could see a +3 dire flail of electrocution.

Vanquished Creatures
  Sigmund (D:2)
  15 dancing weapons
  An orc warrior (D:6)
  A necrophage (D:6)
  An ogre (D:5)
  A centaur (D:6)
  A phantom (D:5)
  A bullfrog (D:6)
  A scorpion (D:5)
  A water moccasin zombie (D:6)
  A wyvern skeleton (D:5)
  4 wights (D:5)
  4 hounds
  2 bullfrog skeletons (D:5)
  2 jellies
  2 orc priests (D:6)
  A centaur skeleton (D:4)
  Terence (D:3)
  2 iguanas (D:6)
  6 orc wizards
  A hound zombie (D:5)
  A hound skeleton (D:5)
  A howler monkey zombie (D:6)
  4 gnolls (D:2)
  11 adders
  2 river rats (D:6)
  A white imp (D:5)
  2 ufetubi (D:4)
  2 adder skeletons (D:4)
  4 worms
  3 dart slugs
  16 orcs
  4 endoplasms
  3 giant cockroaches
  6 goblins
  9 hobgoblins
  13 jackals
  5 kobolds
  A quokka (D:2)
  5 ball pythons (D:1)
  10 bats
  A frilled lizard (D:1)
  4 rats
158 creatures vanquished.

Vanquished Creatures (others)
  13 fungi (D:3)
  7 plants (D:5)
20 creatures vanquished.

Grand Total: 178 creatures vanquished

Notes
Turn   | Place    | Note
-------+----------+-------------------------------------------
     0 | D:1      | NoAnimeNoLife the Minotaur Fighter began the quest for the
                  | Orb.
     0 | D:1      | Reached XP level 1. HP: 19/19 MP: 0/0
   240 | D:1      | Reached skill level 3 in Axes
   246 | D:1      | Reached XP level 2. HP: 26/26 MP: 1/1
   442 | D:1      | Reached skill level 4 in Axes
   595 | D:2      | Found Uhaskor's Weapon Shoppe.
   598 | D:2      | Reached XP level 3. HP: 31/31 MP: 2/2
   603 | D:2      | Reached skill level 5 in Axes
   725 | D:2      | Noticed Sigmund
   735 | D:2      | Reached XP level 4. HP: 30/39 MP: 3/3
   743 | D:2      | Killed Sigmund
   744 | D:2      | Reached skill level 7 in Axes
   744 | D:2      | Reached XP level 5. HP: 19/45 MP: 4/4
   998 | D:2      | Reached XP level 6. HP: 48/51 MP: 5/5
  1749 | D:3      | Noticed Terence
  1761 | D:3      | Gained mutation: Your system is resistant to poisons.
                  | (rPois) [potion of mutation]
  1761 | D:3      | Gained mutation: You have large cloven feet. [potion of
                  | mutation]
  1761 | D:3      | Gained mutation: You sometimes lose the ability to read
                  | scrolls when taking damage. [potion of mutation]
  1761 | D:3      | Gained mutation: You are robust. (+10% HP) [potion of
                  | mutation]
  1767 | D:3      | Killed Terence
  1768 | D:3      | Reached skill level 8 in Axes
  2037 | D:3      | Found a faded altar of an unknown god.
  2047 | D:3      | Prayed at the altar of an unknown god.
  2047 | D:3      | Became a worshipper of the Wu Jian Council
  2047 | D:3      | Reached * piety under Wu Jian
  2531 | D:3      | Found an ancient bone altar of Kikubaaqudgha.
  2907 | D:4      | Found a white marble altar of Elyvilon.
  2926 | D:4      | Reached skill level 9 in Axes
  3071 | D:4      | Found Huxkolud's Magic Scroll Boutique.
  3089 | D:4      | Reached ** piety under Wu Jian
  3090 | D:4      | Reached XP level 7. HP: 48/62 MP: 6/6
  3180 | D:4      | Bought a scroll of identify for 26 gold pieces
  3180 | D:4      | Bought a scroll of identify for 26 gold pieces
  3632 | D:5      | Entered Level 5 of the Dungeon
  3652 | D:5      | Found a staircase to the Ecumenical Temple.
  3667 | Temple   | Entered the Ecumenical Temple
  3948 | Temple   | Fell from the grace of Wu Jian
  3948 | Temple   | Became a worshipper of Gozag Ym Sagoz the Greedy
  4061 | D:5      | Reached skill level 10 in Axes
  4490 | D:5      | Reached skill level 11 in Axes
  4588 | D:5      | Reached XP level 8. HP: 63/70 MP: 7/7
  5496 | D:6      | Reached skill level 12 in Axes
  5537 | D:6      | Noticed a +3 rapier of freezing
  5737 | D:5      | Noticed a +3 rapier of speed
  6537 | D:4      | Noticed a +4 rapier of electrocution
  6601 | D:5      | Killed a +3 rapier of speed
  6615 | D:6      | Killed a +3 rapier of freezing
  6873 | D:6      | Found a snail-covered altar of Cheibriados.
  7071 | D:6      | Lost mutation: Your system is resistant to poisons. (rPois)
                  | [potion of mutation]
  7071 | D:6      | Lost mutation: You have large cloven feet. [potion of
                  | mutation]
  7071 | D:6      | Gained mutation: You are partially covered in iridescent
                  | scales. (AC +2) [potion of mutation]
  7083 | D:6      | Reached skill level 13 in Axes
  8266 | D:6      | Slain by a +3 dire flail of electrocution

Illustrated notes

Levels and vault maps discovered:
D:1:      dpeg_arrival_tiny_c, layout_loops_cross, minmay_small_reverse_x
D:2:      layout_rooms, serial_rivers, chequers_serial_rivers_micro_c,
          chequers_serial_rivers_small_b, chequers_serial_rivers_micro_c,
          chequers_serial_rivers_micro_d, chequers_serial_rivers_large_a,
          chequers_serial_rivers_micro_a, serial_shops, nicolae_shop_waterfront,
          nicolae_figureground_pulse, uniq_sigmund
D:3:      layout_basic, mainiacjoe_overflow_chevrons,
          dreamdust_ecumenical_altar_angels_and_demons,
          nicolae_underground_beach, uniq_terence
D:4:      layout_basic, elyvilon_altar_5, serial_shops, shop
D:5:      layout_basic, minmay_temple_entry_overgrown
D:6:      layout_basic, kennysheep_slug_shrine, lightli_sewer_entry_pipes,
          hangedman_decor_opposing, nicolae_concentric_dashed_squares_wild,
          grunt_ministairs_2, hellmonk_bongcloud_opening
Temple:   regret_index_temple_waves

Skill      XL: |  1  2  3  4  5  6  7  8 |
---------------+-------------------------+-----
Axes           | 3 4 5 7 9 11 13 | 13.7
Fighting       | |  3.6
Armour         | |  3.6
Shields        | |  3.6

Action                   |  1- 3 |  4- 6 |  7- 9 || total
-------------------------+-------+-------+-------++-------
Melee: War axe           |    60 |   113 |   204 ||   377
       Headbutt          |     6 |    15 |    38 ||    59
       Kick              |       |    16 |    33 ||    49
Invok: Lunge             |       |     7 |     1 ||     8
  Use: Potion            |     1 |     6 |     4 ||    11
       Scroll            |       |       |     6 ||     6
 Stab: Distracted        |       |       |     1 ||     1
Armor: Scale mail        |    30 |    49 |    56 ||   135
Dodge: Dodged            |    50 |    65 |    55 ||   170
Block: Buckler           |    14 |    19 |    19 ||    52
